 Dungeon Crawl Stone Soup version 0.30.0-29-ga12c61a403 (webtiles) character file.

Game seed: 12652365806361225264

172 qw the Chopper (level 5, -4/32 HPs)
             Began as a Gargoyle Fighter on June 3, 2023.
             Killed from afar by an oklob plant (16 damage)
             ... with a splash of acid
             ... on level 3 of the Dungeon.
             The game lasted 00:01:08 (1909 turns).

qw the Chopper (Gargoyle Fighter)                   Turns: 1909, Time: 00:01:09

Health: -4/32      AC:  6    Str: 22    XL:     5   Next: 53%
Magic:  5/5        EV:  9    Int: 11    God:
Gold:   96         SH:  4    Dex:  9    Spells: 4/4 levels left

rFire   . . .        Y - +0 war axe
rCold   + . .        c - +0 buckler
rNeg    + + .        b - +0 scale mail
rPois   inf          (no helmet)
rElec   +            (no cloak)
rCorr   .            (no gloves)
SInv    .            (no boots)
Will    .....        (no amulet) Stlth
                     g - ring of Akoev {Wiz rC+ rN+ Int+3 Stlth-}
HPRegen 0.25/turn    (no ring)
MPRegen 0.09/turn

%: wizardry (x1)
@: corroded
A: sickness immunity, AC +4, negative energy resistance 1, electricity
resistance, torment resistance 1, petrification resistance, high MP 1
a: no special abilities


You were on level 3 of the Dungeon.
You visited 1 branch of the dungeon, and saw 3 of its levels.

You collected 96 gold pieces.


Innate Abilities, Weirdness & Mutations

You are immune to sickness and miasma.
Your stone body is resilient. (AC +4)
You are immune to poison.
You resist negative energy. (rN+)
You are resistant to electric shocks. (rElec)
You are resistant to unholy torment.
You are immune to petrification.
You have an increased reservoir of magic. (+10% MP)


   Skills:
 + Level 3.5 Fighting
 - Level 5.0 Axes
 - Level 3.2 Armour
 - Level 3.2 Shields


You had 4 spell levels left.
You didn't know any spells.
Your spell library was empty.

Inventory:

Hand Weapons
 e - a +0 flail
 Y - a +0 war axe (weapon)
Armour
 b - a +0 scale mail (worn)
 c - a +0 buckler (worn)
Jewellery
 g - the ring of Akoev (left hand) {Wiz rC+ rN+ Int+3 Stlth-}
   (You acquired it on level 2 of the Dungeon)

   [ring of wizardry]

   It improves your spell success rate.
   Int:       It affects your intelligence (+3).
   rC:        It protects you from cold.
   rN:        It protects you from negative energy.
   Stlth:     It makes you less stealthy.
Scrolls
 h - a scroll of teleportation
 j - 2 scrolls of identify
Potions
 a - a potion of curing {unknown}
 d - 2 potions of might
 f - a potion of mutation
 i - 2 potions of heal wounds
 k - a potion of haste {unknown}

Dungeon Overview and Level Annotations

Branches:
Dungeon (3/15)

Altars:
Fedhas
Gozag


Message History

You hit the plant.
The plant is lightly damaged.
A nearby plant withers and dies.
You hit the plant.
The plant begins to die.
The plant is lightly damaged.
You slash the fungus!
The fungus begins to die.
You slash the plant!
The plant begins to die.
You slash the plant!
The plant begins to die.
Enter note:
Enter note:
Enter note: You slash the plant!
The plant is lightly damaged.
You slash the plant! You slash the fungus! You hit the plant.
You slash the plant!
The plant is lightly damaged.
You hit the fungus. You hit the plant. x2
You slash the plant!
The plant is moderately damaged.
You slash the fungus! You hit the plant. You slash the plant!
A nearby fungus withers and dies.
A nearby plant withers and dies. x3
Enter note:
Enter note:
Enter note: The oklob plant spits acid at you.
The splash of acid hits you!!
Ouch! That really hurt!
The acid corrodes you!
You slash the oklob plant!
The oklob plant is lightly damaged.
You hit the plant.
The plant begins to die.
You hit the oklob plant but do no damage.
The oklob plant is lightly damaged.
You hit the plant but do no damage. You hit the oklob plant.
The oklob plant is moderately damaged.
You hit the plant but do no damage. The oklob plant spits acid at you.
The splash of acid hits you!
Ouch! That really hurt!
You die...

#..## P..~~~~._.~~~~.#PP
#..#P###.~~~~...~~~~.PPP
#..#7PPP.~~~~~.~~~~~.PPP
#..#PP#P..~~~~.~~~~....7
#PP.P...~~~.~~~...7PP
#P#PP.7..~~.~~..PP#P7
#PP#P..........#7PPPP
#7..P.....7.PPP#..PPP
#PP.@..PP#.PPP.P###PP


#P7P.7#P#P.7P7.PPPPPP #7.PPPPPPPPP.PPP#..PP #################### You could see
an oklob plant.

Vanquished Creatures
  A phantom (D:3)
  2 adders
  3 worms
  A dart slug (D:3)
  5 ball pythons
  4 bats
  6 endoplasms
  2 giant cockroaches (D:1)
  6 goblins
  6 hobgoblins
  5 jackals
  9 kobolds
  5 quokkas
  6 frilled lizards
  3 rats
64 creatures vanquished.

Notes
Turn   | Place    | Note
-------+----------+-------------------------------------------
     0 | D:1      | qw the Gargoyle Fighter began the quest for the Orb.
     0 | D:1      | Reached XP level 1. HP: 14/14 MP: 1/1
     0 | D:1      | 0 ||| qw: Version: 0.2-a-103-g3a7daa1
     0 | D:1      | 0 ||| qw: Game counter: 952
     0 | D:1      | 0 ||| qw: Always use a shield: true
     0 | D:1      | 0 ||| qw: God list: Okawaru
     0 | D:1      | 0 ||| qw: Allow faded altars: false
     0 | D:1      | 0 ||| qw: Do Orc after D:15 true
     0 | D:1      | 0 ||| qw: Do second Lair branch before Depths: true
     0 | D:1      | 0 ||| qw: Lair rune preference: random
     0 | D:1      | 0 ||| qw: Plans: Normal, Zot:1-4, Slime:5, God:TSO, Crypt,
                  | Tomb, Pan, Hells, Abyss, Win
     0 | D:1      | 0 ||| PLANNING D:1-11
    35 | D:1      | Reached skill level 2 in Axes
    62 | D:1      | 62 ||| Stepping ~*~*~tactically~*~*~ (stealth).
    71 | D:1      | Reached XP level 2. HP: 5/19 MP: 2/2
   184 | D:1      | 184 ||| Stepping ~*~*~tactically~*~*~ (hiding).
   368 | D:1      | Reached skill level 3 in Axes
   382 | D:1      | 382 ||| Stepping ~*~*~tactically~*~*~ (hiding).
   384 | D:1      | 384 ||| Stepping ~*~*~tactically~*~*~ (hiding).
   385 | D:1      | 385 ||| Stepping ~*~*~tactically~*~*~ (hiding).
   386 | D:1      | 386 ||| Stepping ~*~*~tactically~*~*~ (hiding).
   394 | D:1      | Reached XP level 3. HP: 23/23 MP: 3/3
   415 | D:1      | 415 ||| Stepping ~*~*~tactically~*~*~ (stealth).
   734 | D:1      | 734 ||| READING scroll labelled RUCKAO KEM ITO.
   735 | D:1      | 735 ||| READING scroll labelled OZIUPR LUCKEORPH.
   738 | D:1      | 738 ||| READING 2 scrolls labelled QIGEIF QYSHEN.
   739 | D:1      | 739 ||| DRINKING 2 viscous dark potions.
   739 | D:1      | Gained mutation: You have an increased reservoir of magic.
                  | (+10% MP) [potion of mutation]
   807 | D:2      | Found a faded altar of an unknown god.
   818 | D:2      | Noticed a great orb of eyes
   825 | D:2      | Noticed a great orb of eyes
   829 | D:2      | Noticed a great orb of eyes
   829 | D:2      | Noticed an eye of devastation
   891 | D:2      | 891 ||| Stepping ~*~*~tactically~*~*~ (stealth).
   892 | D:2      | 892 ||| Stepping ~*~*~tactically~*~*~ (stealth).
  1007 | D:2      | Reached XP level 4. HP: 28/28 MP: 4/4
  1381 | D:2      | 1381 ||| READING scroll labelled RETUIV BOJAYG.
  1381 | D:2      | Identified a scroll of acquirement
  1381 | D:2      | 1381 ||| ACQUIRING ring of Akoev {Wiz rC+ rN+ Int+3 Stlth-}
  1381 | D:2      | Acquired the ring of Akoev {Wiz rC+ rN+ Int+3 Stlth-}
  1383 | D:2      | 1383 ||| UPGRADING to ring of Akoev {Wiz rC+ rN+ Int+3
                  | Stlth-}.
  1384 | D:2      | 1384 ||| READING 2 scrolls labelled WAGIBL VULICI.
  1385 | D:2      | 1385 ||| DRINKING 3 sedimented emerald potions.
  1386 | D:2      | 1386 ||| READING 2 scrolls of identify.
  1386 | D:2      | 1386 ||| IDENTIFYING fuming orange potion
  1387 | D:2      | 1387 ||| DROPPING potion of degeneration.
  1388 | D:2      | 1388 ||| DROPPING scroll of poison.
  1450 | D:3      | Found an opulent altar of Gozag.
  1484 | D:3      | Noticed a phantom
  1493 | D:3      | Killed a phantom
  1494 | D:3      | Reached skill level 4 in Axes
  1494 | D:3      | Reached XP level 5. HP: 24/32 MP: 5/5
  1595 | D:3      | Reached skill level 5 in Axes
  1650 | D:3      | 1650 ||| Stepping ~*~*~tactically~*~*~ (stealth).
  1862 | D:3      | Found a blossoming altar of Fedhas.
  1888 | D:3      | Noticed an oklob plant
  1909 | D:3      | Killed from afar by an oklob plant

Levels and vault maps discovered:
D:1:      ebering_trefoil_3fold, layout_basic
D:2:      layout_loops_ring, hellmonk_ecumenical_altar_watching_god
D:3:      minmay_angry_zag, layout_basic, lemuel_coloured_pillars_altar,
          nicolae_ru_the_path_less_chosen, tgw_fedhas

Skill      XL: |  1  2  3  4  5 |
---------------+----------------+-----
Axes           | 2 3 4 5 |  5.0
Fighting       | |  3.5
Armour         | |  3.2
Shields        | |  3.2

Action                     |  1- 3 |  4- 6 || total
---------------------------+-------+-------++-------
  Melee: War axe           |   109 |    70 ||   179
    Use: Scroll            |     3 |     3 ||     6
         Potion            |     1 |     1 ||     2
 Armour: Scale mail        |    53 |    17 ||    70
  Dodge: Dodged            |    58 |    20 ||    78
  Block: Buckler           |    19 |    10 ||    29

Table legend:
 A = Non-vault XP
 B = Vault XP
 C = Vault XP percentage of total XP
 D = Non-vault monster count
 E = Vault monster count
 F = Vault count percentage of total count
                 A         B        C        D         E       F
            +---------+---------+-------+---------+---------+-------
      Total |     115 |     132 |  53.4 |      56 |       8 |  12.5
            +---------+---------+-------+---------+---------+-------
        D:1 |      49 |       0 |   0.0 |      28 |       0 |   0.0
        D:2 |      41 |       0 |   0.0 |      15 |       0 |   0.0
        D:3 |      25 |     132 |  84.1 |      13 |       8 |  38.1
            +---------+---------+-------+---------+---------+-------
